 Dungeon Crawl Stone Soup version 0.29-a0-911-g88e6f02907 (webtiles) character file.

Game seed: 4683186113045489677

362 ketsa the Insei (level 6, 0/47 HPs)
             Began as a Gnoll Transmuter on July 25, 2022.
             Succumbed to a gnoll's poison
             ... on level 3 of the Dungeon.
             The game lasted 00:20:54 (3970 turns).

ketsa the Insei (Gnoll Transmuter)                  Turns: 3970, Time: 00:20:54

Health: 0/47       AC:  3    Str:  9    XL:     6   Next: 66%
Magic:  12/14      EV: 13    Int: 13    God:
Gold:   143        SH:  0    Dex: 14    Spells: 10/15 levels left

rFire   . . .      SeeInvis .     - Unarmed
rCold   . . .      Faith    .   (no shield)
rNeg    . . .      Spirit   .   i - +0 leather armour
rPois   .          Reflect  .   (helmet currently unavailable)
rElec   .          Harm     .   (no cloak)
rCorr   .          Rampage  .   (no gloves)
Will    .....                   (boots currently unavailable)
Stlth   ++........              (no amulet)
HPRegen 0.15/turn               (no ring)
MPRegen 0.14/turn               (no ring)

@: lethally poisoned (0 -> -30), appendages (expiring), wereblooded
A: horns 2, talons 2, fangs 1, strong nose, distributed training
a: End Transformation


You were on level 3 of the Dungeon.
You had temporarily grown beastly horns and talons.
You visited 1 branch of the dungeon, and saw 4 of its levels.

You collected 143 gold pieces.

Inventory:

Missiles
 e - 12 stones
 l - 5 poisoned darts (quivered)
 s - 4 javelins
Armour
 a - a +0 robe
 i - a +0 leather armour (worn)
 j - a +1 robe of fire resistance
 p - a +0 scale mail
 u - a +0 leather armour
Scrolls
 d - 3 scrolls of identify {unknown}
 h - 2 scrolls of immolation {unknown}
 m - 4 scrolls of fear {unknown}
 o - a scroll of butterflies {unknown}
 q - a scroll of enchant armour {unknown}
 r - a scroll of blinking {unknown}
 t - a scroll of noise {unknown}
Potions
 b - a potion of lignification
 c - 2 potions of attraction {unknown}
 f - 2 potions of degeneration {unknown}
 g - a potion of heal wounds {unknown}
 k - 2 potions of curing {unknown}
 n - a potion of mutation {unknown}


   Skills:
 + Level 3.3 Fighting
 + Level 2.1 Short Blades
 + Level 2.1 Long Blades
 + Level 2.1 Axes
 + Level 2.1 Maces & Flails
 + Level 2.1 Polearms
 + Level 2.1 Staves
 + Level 2.1 Ranged Weapons
 + Level 2.1 Throwing
 + Level 2.1 Armour
 + Level 5.0 Dodging
 + Level 2.1 Stealth
 + Level 2.1 Shields
 + Level 6.9 Unarmed Combat
 + Level 5.4 Spellcasting
 + Level 1.7 Conjurations
 + Level 1.7 Hexes
 + Level 1.7 Summonings
 + Level 1.7 Necromancy
 + Level 1.7 Translocations
 + Level 4.2 Transmutations
 + Level 1.7 Fire Magic
 + Level 1.7 Ice Magic
 + Level 1.7 Air Magic
 + Level 1.7 Earth Magic
 + Level 1.7 Poison Magic
 + Level 2.3 Invocations
 + Level 2.1 Evocations


You had 10 spell levels left.
You knew the following spells:

 Your Spells              Type           Power      Damage    Failure   Level
a - Beastly Appendage     Tmut           28%        N/A       4%          1
b - Wereblood             Tmut           14%        N/A       7%          2
c - Passwall              Tmut/Erth      9%         N/A       11%         2

Your spell library contained the following spells:

 Spells                   Type           Power      Damage    Failure   Level
 Ensorcelled Hibernation  Hex/Ice        16%        N/A       19%         2
 Spider Form              Tmut/Pois      11%        N/A       22%         3
 Swiftness                Air            8%         N/A       34%         3
 Ice Form                 Ice/Tmut       11%        N/A       58%         4


Dungeon Overview and Level Annotations

Branches:
Dungeon (4/15)
 Temple: D:4-7

Altars:
Xom

Shops:
D:2 *

Annotations:
D:2 exclusion: 2 downstairs
D:3 3 runed translucent doors, Peppero's ghost, amateur DjCj
D:4 2 runed translucent doors


Innate Abilities, Weirdness & Mutations

You have temporarily grown beastly horns and talons.
You have very sharp teeth.
Your uncanny sense of smell can sniff out nearby items.
Your experience applies equally to all skills.


Message History

You closely miss the gnoll.
You headbutt the gnoll, but do no damage.
You bite the gnoll, but do no damage. The gnoll closely misses you.
You hit the gnoll. You claw the gnoll, but do no damage.
You headbutt the gnoll.
The gnoll is severely wounded.
The gnoll hits you but does no damage.
The gnoll hits you from afar with a +0 spear of venom!
You are poisoned.
You barely miss the gnoll. You claw the gnoll.
You headbutt the gnoll, but do no damage.
Your bite misses the gnoll.
The gnoll is almost dead.
You feel very sick. The gnoll closely misses you. The gnoll barely misses you.
You hit the gnoll.
You feel a bit better.
You kill the gnoll!
You feel sick.
The gnoll hits you from afar with a +0 spear of venom!
You are more poisoned.
You feel very sick.
The gnoll hits you with a +0 spear of venom.
You are lethally poisoned!
Things that are here:
a +0 whip; a gnoll corpse You punch the gnoll!
You claw the gnoll, but do no damage.
The gnoll is heavily wounded.
You feel very sick. The gnoll misses you.
You barely miss the gnoll. Your kick misses the gnoll.
The gnoll is heavily wounded.
* * * LOW HITPOINT WARNING * * *
You feel very sick.
The gnoll hits you with a +0 spear of venom!
* * * LOW HITPOINT WARNING * * *
You are more poisoned.
You closely miss the gnoll. Your headbutt misses the gnoll.
The gnoll is heavily wounded.
Your transformation is almost over.
You die...

..##.....#######.# ###....##<#
..##.....##......# ##......##)#
..##.....##......# ##.....####.#
..##.....##......# #...#.......#
..##.....##......# #...#.#.#####
..###....##......# #........#.#.
.. #..##........# #.###.####.#. ##
##.##......#.# ##.....# #...
######..#......#@# #...#..####.##
....###.#......#g###.#.......#...
....###.....ยง..+g....#.......#..#
....#..........#....###......#...
....'....#####.#.##...)#####....#
...#########)).#..#.##.## ###...
...#..#.#..#.###....#...########.
##.##.$?..##.....<.g##....<......
...#.....:.###.#........##.#####.


You could see 2 gnolls.

Vanquished Creatures
  An ogre (D:3)
  A necrophage (D:3)
  A scorpion (D:4)
  A hound (D:4)
  A gnoll (D:3)
  4 adders
  2 worms
  3 dart slugs
  An orc (D:3)
  6 endoplasms
  2 giant cockroaches
  11 goblins
  7 hobgoblins
  A quokka (D:1)
  8 ball pythons
  5 bats
  6 frilled lizards
  4 kobolds
  4 rats
69 creatures vanquished.

Notes
Turn   | Place    | Note
-------+----------+-------------------------------------------
     0 | D:1      | ketsa the Gnoll Transmuter began the quest for the Orb.
     0 | D:1      | Reached XP level 1. HP: 17/17 MP: 6/6
   241 | D:1      | Reached XP level 2. HP: 22/23 MP: 7/7
  1005 | D:1      | Reached skill level 5 in Spellcasting
  1005 | D:1      | Reached XP level 3. HP: 28/28 MP: 7/9
  1395 | D:2      | Learned a level 2 spell: Wereblood
  1400 | D:2      | Reached skill level 1 in Invocations
  1591 | D:2      | Found a shimmering altar of Xom.
  1697 | D:2      | Found Qotaudoe's General Store.
  1807 | D:2      | Reached skill level 1 in Short Blades
  1807 | D:2      | Reached skill level 1 in Long Blades
  1807 | D:2      | Reached skill level 1 in Axes
  1807 | D:2      | Reached skill level 1 in Maces & Flails
  1807 | D:2      | Reached skill level 1 in Polearms
  1807 | D:2      | Reached skill level 1 in Staves
  1807 | D:2      | Reached skill level 1 in Ranged Weapons
  1807 | D:2      | Reached skill level 1 in Throwing
  1807 | D:2      | Reached skill level 1 in Armour
  1807 | D:2      | Reached skill level 1 in Stealth
  1807 | D:2      | Reached skill level 1 in Shields
  1807 | D:2      | Reached skill level 1 in Evocations
  1854 | D:2      | Found a faded altar of an unknown god.
  1906 | D:2      | Reached XP level 4. HP: 33/34 MP: 11/11
  2527 | D:3      | Reached skill level 1 in Conjurations
  2527 | D:3      | Reached skill level 1 in Hexes
  2527 | D:3      | Reached skill level 1 in Summonings
  2527 | D:3      | Reached skill level 1 in Necromancy
  2527 | D:3      | Reached skill level 1 in Translocations
  2527 | D:3      | Reached skill level 1 in Fire Magic
  2527 | D:3      | Reached skill level 1 in Ice Magic
  2527 | D:3      | Reached skill level 1 in Air Magic
  2527 | D:3      | Reached skill level 1 in Earth Magic
  2527 | D:3      | Reached skill level 1 in Poison Magic
  2546 | D:3      | Noticed a necrophage
  2645 | D:3      | Noticed an ogre
  2851 | D:4      | Found a large runed translucent door.
  2851 | D:4      | Found a large runed translucent door.
  2853 | D:4      | Noticed a scorpion
  2917 | D:4      | Reached XP level 5. HP: 40/40 MP: 10/12
  3022 | D:4      | Noticed a steam dragon
  3163 | D:3      | Learned a level 2 spell: Passwall
  3207 | D:3      | Found a runed translucent gate.
  3213 | D:3      | Found a runed translucent gate.
  3214 | D:3      | Found a runed translucent gate.
  3217 | D:3      | Noticed Peppero's ghost (amateur DjCj)
  3265 | D:3      | Reached skill level 5 in Dodging
  3265 | D:3      | Reached XP level 6. HP: 47/47 MP: 11/14
  3970 | D:3      | Succumbed to a gnoll's poison

Illustrated notes

Levels and vault maps discovered:
D:1:      erik_arrival_triangle_huge, layout_loops_corners
D:2:      layout_basic, serial_shops, shop, serial_corexii_hall,
          chequers_hall_statues_y, chequers_hall_statues_corner_a,
          ebering_ecumenical_altar_webs, basic_altar, serial_park_tiny_1,
          minmay_goblin_kobold_house
D:3:      layout_basic, gammafunk_ghost_necromancy
D:4:      cheibrodos_pilgrimage, layout_loops_corners, minmay_temple_entry_grid,
          portal_sewer_entry_e, minmay_hollow_rounded_squares

Skill      XL: |  1  2  3  4  5  6 |
---------------+-------------------+-----
Spellcasting   | 5 |  5.4
Invocations    | 1 2 |  2.3
Short Blades   | 1 2 |  2.1
Long Blades    | 1 2 |  2.1
Axes           | 1 2 |  2.1
Maces & Flails | 1 2 |  2.1
Polearms       | 1 2 |  2.1
Staves         | 1 2 |  2.1
Ranged Weapons | 1 2 |  2.1
Throwing       | 1 2 |  2.1
Armour         | 1 2 |  2.1
Stealth        | 1 2 |  2.1
Shields        | 1 2 |  2.1
Evocations     | 1 2 |  2.1
Conjurations   | 1 |  1.7
Hexes          | 1 |  1.7
Summonings     | 1 |  1.7
Necromancy     | 1 |  1.7
Translocations | 1 |  1.7
Fire Magic     | 1 |  1.7
Ice Magic      | 1 |  1.7
Air Magic      | 1 |  1.7
Earth Magic    | 1 |  1.7
Poison Magic   | 1 |  1.7
Fighting       | 3 |  3.3
Transmutations | 4 |  4.2
Dodging        | 5 |  5.0
Unarmed Combat | |  6.9

Action                   |  1- 3 |  4- 6 || total
-------------------------+-------+-------++-------
Melee: Unarmed           |    85 |   103 ||   188
       Bite              |     8 |    10 ||    18
       Punch             |     2 |       ||     2
       Headbutt          |     4 |    13 ||    17
       Kick              |     4 |    26 ||    30
Throw: Stone             |       |    10 ||    10
       Dart              |       |     4 ||     4
 Cast: Beastly Appendage |     9 |    16 ||    25
       Wereblood         |     1 |     3 ||     4
 Stab: Sleeping          |     1 |       ||     1
Armor: Robe              |     9 |    20 ||    29
       Leather armour    |       |     1 ||     1
Dodge: Dodged            |    44 |    69 ||   113

Table legend: (Time is in decaauts)
 A = Elapsed time spent in this place.
 B = Non-inter-level travel time spent in this place.
 C = Inter-level travel time spent in this place.
 D = Time resting spent in this place.
 E = Time spent auto-exploring this place.
 F = Levels seen in this place.
 G = Mean time per level.
                   A        B        C        D        E       F      G
               +--------+--------+--------+--------+--------+-----+--------+
         Total |   3950 |   3678 |    272 |    635 |   1434 |   4 |  987.5 |
       Dungeon |   3950 |   3678 |    272 |    635 |   1434 |   4 |  987.5 |
               +--------+--------+--------+--------+--------+-----+--------+

Top non-repeatable levels by time:
     D:1: 1372 daAuts
     D:2: 1225 daAuts
     D:3: 979 daAuts
     D:4: 372 daAuts
